 Dungeon Crawl Stone Soup version 0.25-a0-598-gc9c9e4cfe1 (webtiles) character file.

Game seed: 3501761382907279299, levelgen mode: deterministic

218794 Amnesiac the Deadly Accurate (level 17, -5/154 HPs)
             Began as a Demigod Assassin on Mar 15, 2020.
             Slain by an Executioner (6 damage)
             ... summoned by a lich
             ... while paralysed by a floating eye
             ... on level 3 of the Abyss on Mar 16, 2020.
             The game lasted 01:55:44 (42378 turns).

Amnesiac the Deadly Accurate (Demigod Assassin)    Turns: 42378, Time: 01:55:45

Health: -5/154     AC: 25    Str: 14    XL:     17   Next: 79%
Magic:  1/27       EV:  2    Int: 18    God:
Gold:   2503       SH:  0    Dex: 27    Spells: 10/16 levels left

rFire    x . .     SeeInvis +   a - +7 rapier "Killer Klown's Foe" {vorpal, Int+3}
rCold    + + .     Gourm    .   D - +2 buckler
rNeg     . . .     Faith    .   n - +0 ice dragon scales
rPois    +         Spirit   .   C - +2 helmet {SInv}
rElec    +         Reflect  .   H - +2 cloak {rPois}
rCorr    +         Harm     .   O - +0 pair of gloves
MR       +....                  c - +4 pair of boots of the Doge {rElec Regen+ rCorr SInv}
Stlth    ++++......             x - amulet of the acrobat
HPRegen  0.75/turn              l - +2 ring of slaying
MPRegen  0.20/turn              Q - +4 ring of protection

@: paralysed
A: high mp 1
}: 1/15 runes: gossamer
a: no special abilities


You were on level 3 of the Abyss.
You were very hungry.

You visited 6 branches of the dungeon, and saw 32 of its levels.
You visited the Abyss 1 time.
You also visited: Ice Cave.

You collected 3725 gold pieces.
You spent 1222 gold pieces at shops.

Inventory:

Hand Weapons
 a - the +7 rapier "Killer Klown's Foe" (weapon) {vorpal, Int+3}
   (You bought it in a shop on level 2 of the Orcish Mines)

   It inflicts extra damage upon your enemies.
   It affects your intelligence (+3).
 b - a +7 fustibalus of freezing
Missiles
 h - 504 stones
 r - 185 sling bullets
 s - 4 curare-tipped darts
 t - 2 poisoned darts
 K - 5 silver javelins
 W - 10 javelins (quivered)
Armour
 c - the +4 pair of boots of the Doge (worn) {rElec Regen+ rCorr SInv}
   (You acquired it on level 2 of the Orcish Mines)

   It insulates you from electricity.
   It lets you see invisible.
   It increases your rate of regeneration.
   It provides partial protection from all sources of acid and corrosion.
 n - +0 ice dragon scales (worn)
 o - a scarf of repulsion
 C - a +2 helmet of see invisible (worn)
 D - a +2 buckler (worn)
 H - a +2 cloak of poison resistance (worn)
 O - a +0 pair of gloves (worn)
 R - a scarf of resistance
Jewellery
 l - a +2 ring of slaying (left hand)
 x - an amulet of the acrobat (around neck)
 L - an uncursed ring of wizardry
 Q - a +4 ring of protection (right hand)
Wands
 q - a wand of disintegration (14)
 B - a wand of acid (15)
 G - a wand of iceblast (7)
 J - a wand of digging (4)
 T - a wand of enslavement (15)
 Z - a wand of paralysis (31)
Scrolls
 e - 5 scrolls of fog {!r}
 i - 8 scrolls of remove curse {!r}
 y - a scroll of brand weapon {!r}
 z - 5 scrolls of magic mapping {!r}
 F - a scroll of summoning {!r}
 N - 3 scrolls of blinking {!r}
 P - 5 scrolls of fear {!r}
 S - 5 scrolls of enchant armour {!r}
 U - 9 scrolls of teleportation {!r}
 V - 8 scrolls of identify {!r}
Potions
 d - 2 potions of mutation {!q}
 g - 7 potions of brilliance {!q}
 j - 5 potions of flight {!q}
 k - 4 potions of stabbing {!q}
 m - 2 potions of magic {!q}
 p - 9 potions of curing {!q}
 u - a potion of resistance {!q}
 v - 6 potions of haste {!q}
 w - 6 potions of might {!q}
 E - 5 potions of heal wounds {!q}
 I - 2 potions of cancellation {!q}
 M - 2 potions of invisibility {!q}
Miscellaneous
 X - a tin of tremorstones
 Y - a lamp of fire
Comestibles
 f - 48 rations


   Skills:
 - Level 14.6 Fighting
 - Level 8.0 Short Blades
 + Level 6.1(12.2) Slings
 - Level 16.0(16.3) Throwing
 - Level 14.5 Dodging
 - Level 12.4 Stealth
 - Level 4.0 Shields
 - Level 8.0 Evocations


You had 10 spell levels left.
You knew the following spells:

 Your Spells              Type           Power        Failure   Level  Hunger
a - Deflect Missiles      Chrm/Air       #.........   100%        6    #######

Your spell library contained the following spells:

 Spells                   Type           Power        Failure   Level  Hunger
 Beastly Appendage        Tmut           #.....       80%         1    ##.....
 Corona                   Hex            #......      80%         1    ##.....
 Freeze                   Ice            #...         80%         1    ##.....
 Magic Dart               Conj           #...         80%         1    ##.....
 Summon Small Mammal      Summ           #...         80%         1    ##.....
 Call Imp                 Summ           #.......     90%         2    ###....
 Ensorcelled Hibernation  Hex/Ice        #.....       90%         2    ###....
 Searing Ray              Conj           #.....       90%         2    ###....
 Sticks to Snakes         Tmut           #.......     90%         2    ###....
 Call Canine Familiar     Summ           #.......     99%         3    ####...
 Confusing Touch          Hex            #.......     99%         3    ####...
 Dazzling Flash           Conj/Hex       #.....       99%         3    ####...
 Frozen Ramparts          Ice            #.....       99%         3    ####...
 Gell's Gravitas          Tloc           #.........   99%         3    ####...
 Ozocubu's Armour         Chrm/Ice       #.......     99%         3    ####...
 Recall                   Summ/Tloc      N/A          99%         3    ####...
 Spider Form              Tmut/Pois      #.........   99%         3    ####...
 Summon Guardian Golem    Hex/Summ       #.......     99%         3    ####...
 Tukima's Dance           Hex            #.......     99%         3    ####...
 Animate Dead             Necr           N/A          100%        4    #####..
 Cause Fear               Hex            #.........   100%        4    #####..
 Fulminant Prism          Conj/Hex       #.........   100%        4    #####..
 Hailstorm                Conj/Ice       #.......     100%        4    #####..
 Ice Form                 Ice/Tmut       #.......     100%        4    #####..
 Iskenderun's Mystic Bla  Conj/Tloc      #.......     100%        4    #####..
 Petrify                  Tmut/Erth      #.......     100%        4    #####..
 Summon Ice Beast         Ice/Summ       #.......     100%        4    #####..
 Summon Lightning Spire   Summ/Air       #.......     100%        4    #####..
 Aura of Abjuration       Summ           #.........   100%        5    ######.
 Blade Hands              Tmut           #.........   100%        5    ######.
 Borgnjor's Vile Clutch   Necr/Erth      #.........   100%        5    ######.
 Irradiate                Conj/Tmut      #.........   100%        5    ######.
 Metabolic Englaciation   Hex/Ice        #.........   100%        5    ######.
 Silence                  Hex/Air        #.........   100%        5    ######.
 Summon Demon             Summ           #.........   100%        5    ######.
 Summon Forest            Summ/Tloc      #.........   100%        5    ######.
 Summon Mana Viper        Hex/Summ       #.......     100%        5    ######.
 Yara's Violent Unravell  Hex/Tmut       #.........   100%        5    ######.
 Death Channel            Necr           #.........   100%        6    #######
 Hydra Form               Tmut           #.........   100%        6    #######
 Shadow Creatures         Summ           N/A          100%        6    #######
 Simulacrum               Ice/Necr       #.........   100%        6    #######
 Statue Form              Tmut/Erth      #........    100%        6    #######
 Dragon Form              Tmut           #.........   100%        7    #######
 Discord                  Hex            #.........   100%        8    #######


Dungeon Overview and Level Annotations

Branches:
Dungeon (15/15)            Temple (0/1) D:4            Lair (6/6) D:9
  Swamp (3/4) Lair:2       Spider (4/4) Lair:4        Slime (0/5) Lair:6
    Orc (2/2) D:10            Elf (0/3) Orc:2        Vaults (0/5) D:14
 Depths (2/5) D:15          IceCv (visited)

Shops:
D:12 =   Orc:1 [   Orc:2 :*[(

Portals:
Hell: Depths:1

Annotations:
Swamp:3 1 runed translucent door, Disku's ghost, adept FoFi; Louise


Innate Abilities, Weirdness & Mutations

You have an increased reservoir of magic. (+10% MP)


Message History

You easily resist.
The Executioner closely misses you. You block the Executioner's attack.
The Executioner barely misses you. The great orb of eyes gazes at you.
You are confused.
There is an open door here.
Really quaff
p - 10 potions of curing {!q}?
You feel better. The Executioner misses you.
The Executioner completely misses you.
The Executioner hits you but does no damage. x2
You block the Executioner's attack. x2; The golden eye blinks!
The Executioner barely misses you.
The Executioner hits you but does no damage.
The Executioner misses you. The golden eye blinks at you.
You resist with almost no effort. The great orb of eyes bites you.
* * * LOW HITPOINT WARNING * * *
Evoke which item? (* to show all) (? for menu, Esc to quit)
Aiming: Corrosive Bolt
Press: ? - help, Shift-Dir - straight line, f - great orb of eyes
Aim: a great orb of eyes The bolt of acid hits the great orb of eyes!
The great orb of eyes is splashed with acid.
The great orb of eyes is moderately wounded.
The bolt of acid hits the golden eye!!
The golden eye is splashed with acid.
The acid corrodes the golden eye!
You kill the golden eye!
You block the Executioner's attack. x2
The Executioner hits you but does no damage.
The Executioner misses you.
The Executioner hits you but does no damage. x2
The great orb of eyes bites you.
* * * LOW HITPOINT WARNING * * *
The Executioner barely misses you. x2
The Executioner hits you but does no damage.
The great orb of eyes bites you but does no damage.
The floating eye gazes piercingly through you!
You suddenly lose the ability to move!
The Ice Fiend calls on the powers of darkness!
The eye of devastation convulses!
The eye of draining convulses!
The great orb of eyes convulses! x4; Your body is wracked with pain!
* * * LOW HITPOINT WARNING * * *
The great orb of eyes convulses! x2; The great orb of eyes bites you!
* * * LOW HITPOINT WARNING * * *
The Executioner hits you but does no damage. x2
The Executioner barely misses you. The Executioner hits you.
* * * LOW HITPOINT WARNING * * *
The Executioner hits you but does no damage. x2
The lich casts a spell.
The lich flickers and vanishes for a moment.
The great orb of eyes bites you!
* * * LOW HITPOINT WARNING * * *
The eye of draining gazes at the great orb of eyes.
You feel your power leaking away. The Executioner gestures at you.
Pain shoots through your body!
* * * LOW HITPOINT WARNING * * *
The great orb of eyes bites you!
* * * LOW HITPOINT WARNING * * *
The floating eye's view fixates on you. The great orb of eyes gazes at you.
You resist with significant effort.
The Executioner hits you but does no damage. x3
The Executioner hits you.
You die...

##. #####..#
##.###...###.##
#.##.......##.#
##.#.........#.##
#.##...###...##.#
#.#.1x##:##...#.#
#+#.2G#G#}#...#+ #
#.#.GL##G##...#G#
#. #.##.G1@##. .##
.
###.#.GGG#....#.##
## ##.##...#.. #.#
# # .##.###.#..##.
#.#.###.G#+# .#.##
# . .. ###..#..###
#.. . ####' # x
... # #.#.. ..# #
# ###. ..#.#..#.#


You could see an Ice Fiend, a lich (invisible), 6 great orbs of eyes, an
Executioner, an eye of devastation, an eye of draining, a tormentor, a small
abomination and a floating eye.

Vanquished Creatures
  Bai Suzhen (Spider:4)
  Asterion (Spider:3)
  A sphinx (Depths:1)
  2 thorn hunters
  Roxanne (Spider:1)
  Donald (Spider:1)
  Kirke (Lair:4)
  A frost giant (Depths:1)
  An orc warlord (Orc:1)
  2 ghost moths (Spider:4)
  8 emperor scorpions
  5 stone giants
  3 entropy weavers
  2 vampire knights (Depths:1)
  Azrael (Spider:1)
  3 spark wasps
  3 fire dragons
  An ettin (Depths:1)
  Fannar (D:10)
  Josephine (D:11)
  A yaktaur captain (Depths:2)
  3 ice dragons
  6 hydras
  2 rakshasas (Depths:1)
  Harold (Lair:2)
  4 vault guards (D:14)
  3 catoblepae (Lair:6)
  3 shambling mangroves
  3 centaur warriors
  8 alligators
  4 ogre magi
  11 two-headed ogres
  9 death yaks
  3 tengu warriors
  5 deep troll shamans
  A deep troll earth mage (Depths:1)
  2 orc high priests
  6 large abominations (Abyss:3)
  Urug (Lair:5)
  An iron troll (Depths:2)
  A shadow wraith (Abyss:3)
  6 skeletal warriors (D:15)
  2 wretched stars (Abyss:3)
  A storm dragon skeleton (Depths:1)
  A fire crab (Lair:6)
  A glowing orange brain (Depths:1)
  10 deep trolls
  A wizard (D:15)
  3 swamp dragons
  A phantasmal warrior (D:15)
  A wolf spider zombie (D:14)
  26 orb spiders
  2 necromancers
  A deep elf mage (D:14)
  3 orc sorcerers
  9 ugly things
  6 orc knights
  40 wolf spiders
  4 manticores
  4 moths of wrath
  5 elephants (Lair:5)
  4 cyclopes
  2 ice statues (IceCv)
  Psyche (D:10)
  A gargoyle (D:14)
  2 torpor snails
  3 black mambas
  A smoke demon (Abyss:3)
  16 spiny frogs
  4 rime drakes
  9 komodo dragons
  3 freezing wraiths
  A kobold demonologist (D:15)
  2 tengu conjurers (Depths:1)
  13 demonic crawlers
  2 spriggan skeletons (D:15)
  7 yaktaurs
  3 ice devils
  2 harpy zombies
  29 jumping spiders
  5 polar bears (D:7)
  6 trolls
  20 hornets
  A merfolk (D:12)
  2 tyrant leeches
  A deep troll zombie (D:15)
  13 slime creatures
  2 bog bodies
  6 hippogriffs
  13 blink frogs
  A fire dragon zombie (Depths:1)
  A fire giant simulacrum (Depths:1)
  A dream sheep (D:7)
  A centaur simulacrum (D:14)
  3 shadows
  A ynoxinul (Abyss:3)
  59 redbacks
  4 spriggans (Swamp:1)
  5 fire elementals (Spider:1)
  2 wyverns
  20 tarantellas
  A hog (D:6)
  4 wraiths
  A basilisk (Lair:3)
  3 humans (Lair:5)
  A golden eye (Abyss:3)
  26 yaks
  Grum (D:11)
  3 vampire mosquitoes (Swamp:2)
  A chaos spawn (Abyss:3)
  A hungry ghost (D:13)
  6 swamp worms
  A steam dragon (D:11)
  Menkaure (D:7)
  4 wargs
  5 water moccasins
  8 porcupines
  A hell hound (Lair:4)
  2 swamp drakes
  15 ice beasts
  22 orc warriors
  A deep troll simulacrum (Depths:1)
  12 black bears
  3 sky beasts
  2 phantoms
  An eye of draining (D:15)
  17 ogres
  13 wolves
  12 centaurs
  11 crocodiles
  3 big kobolds
  17 bullfrogs
  2 small abominations (Abyss:3)
  A yaktaur skeleton (D:15)
  4 scorpions
  4 killer bees (D:13)
  A wight (D:6)
  2 electric eels
  10 crimson imps
  A bullfrog zombie (D:6)
  4 centaur zombies
  A quasit (D:7)
  8 centaur skeletons
  A gnoll shaman (D:5)
  5 hounds
  3 bullfrog skeletons
  16 orc priests
  4 jellies
  5 iguanas
  14 orc wizards
  10 worker ants
  A killer bee zombie (D:10)
  2 hound skeletons
  A howler monkey zombie (D:5)
  A worker ant zombie (D:11)
  Robin (D:4)
  11 gnolls
  14 adders
  5 shadow imps
  An ufetubus (Abyss:3)
  3 oozes
  2 adder zombies
  2 worms
  4 dart slugs
  6 leopard geckos
  61 orcs
  6 giant cockroaches
  18 goblins
  14 hobgoblins
  13 jackals
  10 quokkas
  9 bats
  7 frilled lizards
  20 kobolds
  A leopard gecko skeleton (D:6)
  A quokka zombie (D:6)
  6 rats
  5 plants
1037 creatures vanquished.

Vanquished Creatures (collateral kills)
  An orb spider (Spider:4)
  A wolf spider (Spider:4)
  5 redbacks
7 creatures vanquished.

Vanquished Creatures (others)
  A wizard (Depths:1)
  An orb spider (Spider:1)
  A redback (Spider:1)
  11 fungi
  A lurking horror (Abyss:3)
  2 plants (Lair:6)
  2 withered plants (D:15)
19 creatures vanquished.

Grand Total: 1063 creatures vanquished

Notes
Turn   | Place    | Note
-------+----------+-------------------------------------------
     0 | D:1      | Amnesiac the Demigod Assassin began the quest for the Orb.
     0 | D:1      | Reached XP level 1. HP: 17/17 MP: 3/3
   100 | D:1      | Reached skill level 2 in Throwing
   184 | D:1      | Reached XP level 2. HP: 24/24 MP: 4/4
   849 | D:2      | Reached XP level 3. HP: 20/29 MP: 5/5
  1596 | D:2      | Reached XP level 4. HP: 14/36 MP: 6/6
  2956 | D:3      | Found a shadowy altar of Dithmenos.
  2956 | D:3      | Found a shattered altar of Ashenzari.
  2958 | D:3      | Found a white marble altar of Elyvilon.
  3206 | D:3      | Reached XP level 5. HP: 41/41 MP: 7/7
  3296 | D:3      | Found an ancient bone altar of Kikubaaqudgha.
  3519 | D:4      | Found a staircase to the Ecumenical Temple.
  3553 | D:4      | Reached skill level 3 in Throwing
  3975 | D:4      | Reached XP level 6. HP: 48/48 MP: 8/8
  3985 | D:4      | Noticed Robin
  4087 | D:4      | Reached skill level 5 in Stealth
  4223 | D:4      | Reached skill level 5 in Short Blades
  4274 | D:4      | Killed Robin
  4364 | D:4      | Reached XP level 7. HP: 49/53 MP: 9/9
  4410 | D:4      | Found an iron altar of Okawaru.
  4616 | D:5      | Entered Level 5 of the Dungeon
  4653 | D:5      | Reached skill level 4 in Throwing
  4854 | D:5      | HP: 2/53 [ogre/cursed -2 giant spiked club (27)]
  5247 | D:5      | Identified the +1 scale mail of Failure {Str+3 Dex+2}
  5554 | D:5      | Got a polished flail
  5555 | D:5      | Identified the +2 flail of Optimality {vamp, rPois rF+
                  | Int+4} (You found it on level 5 of the Dungeon)
  5832 | D:5      | Got a shimmering ring mail
  5860 | D:5      | Reached XP level 8. HP: 60/60 MP: 10/10
  6436 | D:6      | Reached skill level 5 in Throwing
  7163 | D:6      | Identified the cursed +0 ring mail "Tuoh" {rF+} (You found
                  | it on level 5 of the Dungeon)
  7450 | D:6      | Reached skill level 6 in Throwing
  7450 | D:6      | Reached XP level 9. HP: 67/67 MP: 11/11
  7804 | D:7      | Noticed Menkaure
  7809 | D:7      | Killed Menkaure
  7952 | D:7      | Reached skill level 7 in Throwing
  8075 | D:7      | Found a huge runed translucent gate.
  8075 | D:7      | Noticed a death yak
  8075 | D:7      | Noticed a death yak
  8076 | D:7      | Found a huge runed translucent gate.
  8076 | D:7      | Found a huge runed translucent gate.
  8076 | D:7      | Found a huge runed translucent gate.
  8470 | D:7      | Reached skill level 8 in Throwing
  8853 | D:7      | Killed a death yak
  8853 | D:7      | Reached skill level 5 in Dodging
  8853 | D:7      | Reached XP level 10. HP: 73/73 MP: 13/13
  9483 | D:8      | Found an iron altar of Okawaru.
  9848 | D:8      | Found a bloodstained altar of Trog.
 10399 | D:9      | Found a staircase to the Lair.
 10448 | D:9      | Got a translucent scale mail
 10507 | D:9      | Identified the +6 scale mail of Ekungair {*Corrode rPois
                  | rC+} (You found it on level 9 of the Dungeon)
 10917 | D:10     | Entered Level 10 of the Dungeon
 10987 | D:10     | Noticed Psyche
 11004 | D:10     | Killed Psyche
 11237 | D:10     | Found a staircase to the Orcish Mines.
 11469 | D:10     | Noticed a two-headed ogre
 11517 | D:10     | Killed a two-headed ogre
 11517 | D:10     | Reached skill level 5 in Fighting
 11833 | D:10     | Noticed Fannar
 11917 | D:10     | Killed Fannar
 11917 | D:10     | Reached XP level 11. HP: 64/86 MP: 14/14
 11977 | D:11     | Learned a level 6 spell: Deflect Missiles
 12375 | D:11     | Noticed Josephine
 12415 | D:11     | Killed Josephine
 12566 | D:11     | Noticed Grum
 12594 | D:11     | Killed Grum
 12791 | D:11     | Noticed a two-headed ogre
 12832 | D:11     | Killed a two-headed ogre
 13018 | D:12     | Found Retsuota's Jewellery Boutique.
 13022 | D:12     | Noticed a two-headed ogre
 13110 | D:12     | Killed a two-headed ogre
 13443 | D:12     | Noticed a two-headed ogre
 13474 | D:12     | Killed a two-headed ogre
 13474 | D:12     | Reached skill level 9 in Throwing
 14348 | Orc:1    | Entered Level 1 of the Orcish Mines
 14506 | Orc:2    | Entered Level 2 of the Orcish Mines
 14508 | Orc:2    | Noticed a stone giant
 14613 | Orc:1    | Killed a stone giant
 14613 | Orc:1    | Reached skill level 10 in Throwing
 14656 | Orc:2    | Noticed an orc high priest
 14671 | Orc:2    | Killed an orc high priest
 14693 | Orc:1    | Reached XP level 12. HP: 92/102 MP: 15/15
 14702 | Orc:1    | Found Qysteano's Antique Armour Shoppe.
 14844 | Orc:2    | Found Azumumoer's General Store.
 15409 | Orc:1    | Reached skill level 11 in Throwing
 15833 | Orc:2    | Noticed an orc warlord
 16157 | Orc:1    | Killed an orc warlord
 16157 | Orc:1    | Reached skill level 12 in Throwing
 16698 | Orc:2    | Found Widd's Book Emporium.
 16870 | Orc:2    | Found Cessobud's Antique Armour Shop.
 17290 | Orc:2    | Found Jorhou's Antique Weapon Boutique.
 17326 | Orc:2    | Found a staircase to the Elven Halls.
 17503 | Orc:1    | Bought a fine cloak for 247 gold pieces
 17547 | Orc:1    | Identified the cursed +0 cloak "Urenet" {MR+ Dex+4} (You
                  | bought it in a shop on level 1 of the Orcish Mines)
 17586 | Orc:2    | Bought a pair of embroidered gloves for 255 gold pieces
 17597 | Orc:2    | Bought a runed helmet for 255 gold pieces
 17647 | Orc:1    | Bought an embroidered cloak for 195 gold pieces
 17671 | Orc:1    | Identified a scroll of acquirement {!r}
 17742 | Orc:2    | Bought a dazzling rapier for 270 gold pieces
 17742 | Orc:2    | Identified the +7 rapier "Killer Klown's Foe" {vorpal,
                  | Int+3} (You bought it in a shop on level 2 of the Orcish
                  | Mines)
 17747 | Orc:2    | Identified the +4 pair of boots of the Doge {rElec Regen+
                  | rCorr SInv} (You acquired it on level 2 of the Orcish
                  | Mines)
 17747 | Orc:2    | Identified the ring "Picu" {Int+4 Slay-3 Stlth+} (You
                  | acquired it on level 2 of the Orcish Mines)
 17918 | Lair:1   | Entered Level 1 of the Lair of Beasts
 18139 | Lair:1   | Got a scorched long sword
 18924 | Lair:2   | Noticed Harold
 18943 | Lair:2   | Killed Harold
 19185 | Lair:2   | Found a staircase to the Swamp.
 19722 | Lair:3   | Reached XP level 13. HP: 111/111 MP: 16/16
 20601 | Lair:4   | Found a hole to the Spider Nest.
 20912 | Lair:4   | Identified the +10 long sword "Xeyreun" {vorpal, Fragile
                  | rN+ MR+++ Dex+2} (You found it on level 1 of the Lair of
                  | Beasts)
 20964 | Lair:4   | Reached skill level 10 in Fighting
 21245 | Lair:5   | Noticed Kirke
 21256 | Lair:4   | Killed Kirke
 21464 | Lair:5   | Found a frozen archway.
 21494 | IceCv    | Entered an ice cave
 22281 | Lair:5   | Noticed Urug
 22294 | Lair:5   | Killed Urug
 22916 | Lair:6   | Entered Level 6 of the Lair of Beasts
 22919 | Lair:6   | Reached skill level 13 in Throwing
 23082 | Lair:6   | Found a viscous altar of Jiyva.
 23082 | Lair:6   | Found a staircase to the Slime Pits.
 23093 | Lair:6   | Reached skill level 10 in Stealth
 23251 | Lair:6   | Reached skill level 10 in Dodging
 23564 | Lair:6   | Reached XP level 14. HP: 100/124 MP: 17/17
 24392 | Lair:6   | Got a crude mace
 25095 | D:13     | Reached skill level 14 in Throwing
 26649 | D:14     | Reached skill level 15 in Throwing
 26836 | D:14     | Found a gate to the Vaults.
 27281 | D:15     | Entered Level 15 of the Dungeon
 27488 | D:15     | Found a staircase to the Depths.
 27971 | D:15     | Reached skill level 16 in Throwing
 27997 | D:15     | Reached XP level 15. HP: 96/129 MP: 12/18
 28573 | D:15     | Found a shimmering blue altar of Sif Muna.
 28604 | Vaults:5 | Identified a paperback manual
 28604 | Depths:1 | Entered Level 1 of the Depths
 28737 | Depths:1 | Noticed a sphinx
 28757 | Depths:1 | Killed a sphinx
 28910 | Depths:1 | Paralysed by a vampire knight for 3 turns
 29986 | Depths:1 | Found a gateway to Hell.
 30064 | Depths:1 | Identified the cursed +1 leather armour of Poaq {rC+ Int+9
                  | Dex-5} (You found it on level 1 of the Depths)
 30198 | Depths:1 | Found a shattered altar of Ashenzari.
 31167 | Spider:1 | Entered Level 1 of the Spider Nest
 31291 | Spider:1 | Noticed Azrael
 31375 | Spider:1 | Reached XP level 16. HP: 123/141 MP: 19/19
 31429 | Spider:1 | Killed Azrael
 31680 | Spider:1 | Noticed Roxanne
 31717 | Spider:1 | Killed Roxanne
 32318 | Spider:1 | Reached skill level 5 in Evocations
 32520 | Spider:1 | Noticed Donald
 32774 | Spider:1 | Killed Donald
 36143 | Spider:4 | Entered Level 4 of the Spider Nest
 36509 | Spider:4 | Noticed Asterion
 36534 | Spider:3 | Killed Asterion
 37151 | Spider:4 | Reached XP level 17. HP: 67/151 MP: 27/27
 38248 | Spider:4 | Noticed Bai Suzhen
 38332 | Spider:4 | Killed Bai Suzhen
 38655 | Spider:4 | Got a gossamer rune of Zot
 38992 | Swamp:1  | Entered Level 1 of the Swamp
 40904 | Swamp:2  | Reached skill level 1 in Slings
 41781 | Swamp:3  | Found a runed translucent door.
 41782 | Swamp:3  | Noticed Disku's ghost (adept FoFi)
 41829 | Swamp:3  | Noticed Louise
 41842 | Swamp:3  | Cast into level 3 of the Abyss (Louise)
 41938 | Abyss:3  | Reached skill level 5 in Slings
 42240 | Abyss:3  | Found a corrupted altar of Lugonu.
 42329 | Abyss:3  | Found an opulent altar of Gozag.
 42346 | Abyss:3  | Noticed a lich
 42368 | Abyss:3  | Paralysed by a great orb of eyes for 4 turns
 42372 | Abyss:3  | Noticed an Ice Fiend
 42376 | Abyss:3  | Paralysed by a floating eye for 3 turns
 42377 | Abyss:3  | HP: 1/154 [great orb of eyes (7)]
 42378 | Abyss:3  | Slain by an Executioner

Levels and vault maps discovered:
D:1:      tarquinn_simple_flora_water_e, layout_loops_ring, hangedman_decor_push
D:2:      layout_basic, first_ration
D:3:      cheibrodos_greedy_goblins, layout_loops_corners,
          nicolae_overflow_hidden_temple, kiku_gazebo_pond_becter
D:4:      layout_cave_pools, minmay_temple_entry_drinking_statues,
          okawaru_metal_pillars_1_2, uniq_robin
D:5:      layout_cave_pools
D:6:      layout_layer_cave, hangedman_decor_peaks_small,
          minmay_chambers_of_fives
D:7:      lemuel_bear_cage, layout_basic, uniq_menkaure
D:8:      layout_gridville, grunt_temple_overflow_bloody_war
D:9:      layout_basic, due_lair_maze_entry_diamond
D:10:     kennysheep_spiral_hall, layout_irregular_city, hiddenorc1_lemuel,
          uniq_psyche, uniq_fannar
D:11:     layout_basic, uniq_josephine, uniq_grum
D:12:     layout_irregular_city, serial_shops, shop_fountains,
          hangedman_fish_farm
D:13:     layout_irregular_city
D:14:     layout_irregular_city, grunt_vaults_entry_fortified, minmay_holes
D:15:     gammafunk_depths_entry_grave, layout_cave_pods, lemuel_round_altar,
          minmay_misc_feat_square, drop_trap
Lair:1:   layout_loops_ring, serial_bayou, serial_bayou_shore_b,
          serial_bayou_shore_a, serial_bayou_crossing, serial_bayou_lagoon_a
Lair:2:   layout_regular_city, skrybe_swamp_entry_bodies, uniq_harold
Lair:3:   layout_misc_corridors
Lair:4:   layout_cave_shapes, spider_nest_entry_webs
Lair:5:   layout_cave_shapes, portal_ice_cave_demonic_guard, uniq_kirke,
          uniq_urug
Lair:6:   evilmike_catoblepas_cave, layout_loops_ring, slime_altar_1,
          mumra_transporter_accident, grunt_megastairs_3
Swamp:1:  layout_basic_swamp, nicolae_swamp_round_clearing
Swamp:2:  layout_falls_marsh, evilmike_swamp_ruin_house_1, swamp_pool1,
          infiniplex_staircase_pool_2
Swamp:3:  layout_basic_swamp, gammafunk_ghost_grave,
          evilmike_swamp_ruin_house_2, swamp_pool2, uniq_jorgrun, uniq_louise
Spider:1: layout_spider_delve, nicolae_spider_nook, uniq_roxanne, uniq_azrael,
          uniq_donald
Spider:2: layout_spider_delve
Spider:3: layout_spider_delve
Spider:4: guppyfry_spider_rune, drop_trap, uniq_asterion, uniq_bai_suzhen
Orc:1:    layout_caves, basic_altar, serial_shops, nicolae_shop_waterfront,
          ebering_ghost_gozag
Orc:2:    grunt_orc_gardens, layout_caves, grunt_orc_garden, grunt_orc_garden,
          grunt_orc_garden, grunt_orc_garden
Depths:1: evilmike_cross, layout_gridville, chequers_serial_rivers_micro_b,
          hell_entry, serial_bayou_pond_d, st_stairs_4,
          nicolae_ashenzari_panopticon
Depths:2: minmay_diamond_stairs, layout_cave_shapes, enter_ziggurat_d,
          lightli_too_deep, dk_noncrumbling_4,
          infiniplex_staircase_hallway_doors, uniq_aizul, uniq_mara
Abyss:3:  base: Vaults:2, lemuel_firewalk_3, evilmike_abyss_rune_tso_outpost,
          minivault_13, nicolae_abyss_rune_left_handed, minivault_13,
          hangedman_elemental_corridor, hangedman_abyss_or_decor_clamps,
          nicolae_abyss_rune_left_handed,
          hangedman_abyss_or_decor_jellyfish_corner, hangedman_eye_storm,
          evilmike_abyss_exit_glass, hangedman_eye_storm

Skill      XL: |  1  2  3  4  5  6  7  8  9 10 11 12 13 14 15 16 17 |
---------------+----------------------------------------------------+-----
Short Blades   | 2 3 4 5 6 8 |  8.0
Throwing       | 2 3 4 6 8 10 12 13 16 | 16.0
Stealth        | 4 5 6 7 8 10 11 12 | 12.4
Dodging        | 5 8 10 11 12 13 14 | 14.5
Fighting       | 5 8 9 11 12 13 14 | 14.6
Shields        | 2 4 |  4.0
Evocations     | 8 |  8.0
Slings         | 6 |  6.1

Action                   |  1- 3 |  4- 6 |  7- 9 | 10-12 | 13-15 | 16-18 || total
-------------------------+-------+-------+-------+-------+-------+-------++-------
Melee: Dagger            |   134 |    22 |     9 |    30 |       |       ||   195
       Flail             |       |       |    10 |       |       |       ||    10
       Short sword       |       |       |       |   752 |       |       ||   752
       Hunting sling     |       |       |       |     1 |       |       ||     1
       Rapier            |       |       |       |   177 |  1005 |   959 ||  2141
       Long sword        |       |       |       |       |    46 |       ||    46
 Fire: Hunting sling     |       |   226 |   293 |   146 |       |       ||   665
       Fustibalus        |       |       |       |       |       |   302 ||   302
Throw: Javelin           |     6 |     1 |       |     7 |    43 |    99 ||   156
       Dart              |     7 |     3 |    32 |   186 |   161 |   221 ||   610
       Boomerang         |       |       |   180 |   175 |   660 |    83 ||  1098
       Throwing net      |       |       |       |     3 |     2 |     5 ||    10
       Stone             |       |       |       |     2 |       |   203 ||   205
Evoke: Wand              |       |       |       |     1 |     1 |     9 ||    11
       Lamp of fire      |       |       |       |       |       |     1 ||     1
  Use: Scroll            |     3 |     5 |     1 |    21 |    11 |    11 ||    52
       Potion            |       |       |     3 |     1 |     5 |     8 ||    17
 Stab: Sleeping          |    12 |     1 |       |    12 |    17 |     9 ||    51
       Distracted        |     1 |     1 |       |     3 |     4 |     2 ||    11
       Held in net/web   |       |       |       |     2 |     2 |    10 ||    14
       Invisible         |       |       |       |       |     6 |       ||     6
       Petrifying        |       |       |       |       |     1 |       ||     1
       Petrified         |       |       |       |       |     1 |       ||     1
  Eat: Chunk             |     2 |     9 |    10 |    33 |    39 |    27 ||   120
       Ration            |       |       |     1 |       |       |     2 ||     3
Armor: Robe              |    36 |     3 |       |       |       |       ||    39
       Ring mail         |       |     6 |    48 |    41 |       |       ||    95
       Leather armour    |       |    10 |    11 |       |       |       ||    21
       Scale mail        |       |       |    32 |   238 |    78 |       ||   348
       Skin              |       |       |     6 |     5 |       |       ||    11
       Steam dragon scal |       |       |       |    13 |       |       ||    13
       Ice dragon scales |       |       |       |       |   357 |   628 ||   985
Dodge: Dodged            |    83 |    42 |   144 |   531 |   892 |  1158 ||  2850
       Deflected         |       |       |       |       |    34 |       ||    34
Block: Buckler           |       |       |       |   185 |   397 |   435 ||  1017
       Rpst.: Long sword |       |       |       |       |    30 |       ||    30

Table legend:
 A = Non-vault XP
 B = Vault XP
 C = Vault XP percentage of total XP
 D = Non-vault monster count
 E = Vault monster count
 F = Vault count percentage of total count
                 A         B        C        D         E       F
            +---------+---------+-------+---------+---------+-------
      Total |  212125 |  114861 |  35.1 |     773 |     264 |  25.5
            +---------+---------+-------+---------+---------+-------
        D:1 |      35 |       0 |   0.0 |      16 |       0 |   0.0
        D:2 |     100 |       0 |   0.0 |      33 |       0 |   0.0
        D:3 |      89 |      18 |  16.8 |      21 |       9 |  30.0
        D:4 |     621 |      38 |   5.8 |      30 |      13 |  30.2
        D:5 |    1081 |       0 |   0.0 |      31 |       0 |   0.0
        D:6 |    1242 |     334 |  21.2 |      33 |       5 |  13.2
        D:7 |     774 |    3472 |  81.8 |      25 |      14 |  35.9
        D:8 |     604 |     136 |  18.4 |      16 |       1 |   5.9
        D:9 |     180 |    1249 |  87.4 |       5 |      11 |  68.8
       D:10 |    1401 |    2224 |  61.4 |      10 |      23 |  69.7
       D:11 |    2677 |    2216 |  45.3 |      20 |       8 |  28.6
       D:12 |    5142 |     286 |   5.3 |      27 |       1 |   3.6
       D:13 |    4960 |       0 |   0.0 |      18 |       0 |   0.0
       D:14 |    9953 |    6692 |  40.2 |      27 |      10 |  27.0
       D:15 |   22537 |    3842 |  14.6 |      52 |       8 |  13.3
     Lair:1 |    4536 |       0 |   0.0 |      23 |       0 |   0.0
     Lair:2 |    1758 |    1235 |  41.3 |       7 |       2 |  22.2
     Lair:3 |    4365 |       0 |   0.0 |      24 |       0 |   0.0
     Lair:4 |    4022 |    2233 |  35.7 |      10 |       3 |  23.1
     Lair:5 |    5434 |    1476 |  21.4 |      19 |       3 |  13.6
     Lair:6 |    7287 |   14354 |  66.3 |      20 |      27 |  57.4
    Swamp:1 |   12071 |       0 |   0.0 |      24 |       0 |   0.0
    Swamp:2 |   12426 |       0 |   0.0 |      26 |       0 |   0.0
    Swamp:3 |    3109 |       0 |   0.0 |       3 |       0 |   0.0
   Spider:1 |   26824 |   10808 |  28.7 |      67 |      20 |  23.0
   Spider:2 |   13169 |       0 |   0.0 |      29 |       0 |   0.0
   Spider:3 |   13399 |    5549 |  29.3 |      35 |       4 |  10.3
   Spider:4 |   11422 |   29902 |  72.4 |      34 |      40 |  54.1
      Orc:1 |    2265 |    5346 |  70.2 |      12 |       9 |  42.9
      Orc:2 |    1318 |    4830 |  78.6 |      17 |      18 |  51.4
   Depths:1 |   22335 |   12970 |  36.7 |      33 |      14 |  29.8
   Depths:2 |    6185 |       0 |   0.0 |       8 |       0 |   0.0
    Abyss:3 |    8804 |     196 |   2.2 |      18 |       1 |   5.3
      IceCv |       0 |    5455 | 100.0 |       0 |      20 | 100.0
            +---------+---------+-------+---------+---------+-------
